 Dungeon Crawl Stone Soup version 0.27-a0-1191-g601b473118 (webtiles) character file.

Game seed: 2618999860948802730

66 Wyvernaa the Cudgeller (level 3, 0/27 HPs)
             Began as a Demonspawn Gladiator on May 24, 2021.
             Slain by a hobgoblin (2 damage)
             ... on level 3 of the Dungeon.
             The game lasted 00:02:23 (1524 turns).

Wyvernaa the Cudgeller (Demonspawn Gladiator)       Turns: 1524, Time: 00:02:24

Health: 0/27       AC:  4    Str: 12 (15) XL:     3   Next: 96%
Magic:  3/3        EV: 12    Int:  6 (9)  God:
Gold:   83         SH:  0    Dex: 17 (20) Spells: 2/2 levels left

rFire    . . .     SeeInvis .   a - +0 flail
rCold    + . .     Faith    .   (no shield)
rNeg     . . .     Spirit   .   b - +0 leather armour
rPois    +         Reflect  .   c - +0 helmet
rElec    .         Harm     .   (no cloak)
rCorr    .         Rampage  .   (no gloves)
Will     .....                  (no boots)
Stlth    +.........             (no amulet)
HPRegen  0.09/turn              j - ring of poison resistance
MPRegen  0.08/turn              f - ring "Gielex" {rC+ Dex+6}

@: no status effects
A: talons 2
a: no special abilities


You were on level 3 of the Dungeon.
You visited 1 branch of the dungeon, and saw 3 of its levels.

You collected 83 gold pieces.

Inventory:

Hand Weapons
 a - a +0 flail (weapon)
Missiles
 d - 3 throwing nets (quivered)
Armour
 b - a +0 leather armour (worn)
 c - a +0 helmet (worn)
Jewellery
 f - the ring "Gielex" (right hand) {rC+ Dex+6}
   (You acquired it on level 2 of the Dungeon)

   [ring of dexterity]

   It affects your dexterity (+6).
   It protects you from cold.
 j - a ring of poison resistance (left hand)
Scrolls
 g - a scroll of teleportation {unknown}
 h - a scroll of torment {unknown}
 i - 2 scrolls of identify {unknown}


   Skills:
 + Level 2.3 Fighting
 + Level 3.5 Maces & Flails
 + Level 2.1 Throwing
 + Level 0.4 Armour
 + Level 3.1 Dodging
 + Level 0.5 Stealth


You had 2 spell levels left.
You didn't know any spells.
Your spell library contained the following spells:

 Spells                   Type           Power      Damage    Failure   Level
 Animate Skeleton         Necr           0%         N/A       54%         1
 Pain                     Necr           0%         1d4       54%         1
 Vampiric Draining        Necr           0%         2d6       88%         3
 Animate Dead             Necr           0%         N/A       99%         4
 Agony                    Necr           0%         N/A       100%        5


Dungeon Overview and Level Annotations

Branches:
Dungeon (3/15)

Altars:

Shops:
D:2 *


Innate Abilities, Weirdness & Mutations

You have razor-sharp toenails.


Message History

A goblin is nearby!
A sky beast comes into view.
You hit the goblin.
You kill the goblin!
No target in view!
No target in view!
No target in view!
A sky beast is nearby!
A hobgoblin comes into view.
Things that are here:
a +0 club; a goblin corpse You closely miss the sky beast.
You claw the sky beast.
The sky beast is lightly wounded.
The sky beast hits you. The sky beast shocks you.
You hit the sky beast but do no damage.
The sky beast is lightly wounded.
The hobgoblin shouts!
The sky beast misses you.
You thump the sky beast! Your kick misses the sky beast.
The sky beast is heavily wounded.
The sky beast barely misses you.
You hit the sky beast. Your kick misses the sky beast.
The sky beast is severely wounded.
The sky beast completely misses you.
You closely miss the sky beast. You claw the sky beast.
The sky beast is severely wounded.
The sky beast flickers out of sight!
Deactivating autopickup; reactivate with Ctrl-A.
Something hits you but does no damage. The hobgoblin barely misses you.
Something hits you. Something shocks you.
* * * LOW HITPOINT WARNING * * *
It was a potion of degeneration.
There was something very wrong with that liquid.
You feel weakened.
You feel dopey.
You feel clumsy. Something hits you.
* * * LOW HITPOINT WARNING * * *
Something shocks you.
* * * LOW HITPOINT WARNING * * *
The hobgoblin hits you.
You die...

...... ......## #
........ ..
.......# ..# ..
.....## .... ...
....# .....
#.######..#......
##........@{..#
+.........#g#.##
#..............
#.......♣♣♣...♣
#.(.<..♣# ♣.♣#
#........♣ .♣
#........♣ ♣
#...####..♣ #...
#....


You could see a hobgoblin.

Vanquished Creatures
  A gnoll (D:1)
  An adder (D:2)
  A dart slug (D:1)
  4 endoplasms
  2 giant cockroaches (D:1)
  8 goblins
  2 hobgoblins (D:1)
  2 jackals (D:2)
  A quokka (D:1)
  3 ball pythons
  4 bats
  2 frilled lizards (D:1)
  5 kobolds
  7 rats
43 creatures vanquished.

Notes
Turn   | Place    | Note
-------+----------+-------------------------------------------
     0 | D:1      | Wyvernaa the Demonspawn Gladiator began the quest for the
                  | Orb.
     0 | D:1      | Reached XP level 1. HP: 16/16 MP: 1/1
   194 | D:1      | Gained mutation: You have sharp toenails. [demonic
                  | ancestry]
   194 | D:1      | Reached XP level 2. HP: 14/22 MP: 2/2
   453 | D:1      | Gained mutation: You have razor-sharp toenails. [demonic
                  | ancestry]
   453 | D:1      | Reached XP level 3. HP: 27/27 MP: 3/3
  1241 | D:2      | Found Qimotaint's Assorted Antiques.
  1496 | D:2      | Identified a scroll of acquirement
  1496 | D:2      | Acquired the ring "Gielex" {rC+ Dex+6}
  1514 | D:3      | Noticed a sky beast
  1524 | D:3      | Slain by a hobgoblin

Illustrated notes

Levels and vault maps discovered:
D:1:      roderic_crossed_star, layout_rooms, roderic_roman_lattice
D:2:      layout_loops_ring, serial_shops, nicolae_shop_crystal
D:3:      layout_basic, lemuel_crystal_altar, lemuel_round_altar,
          hellmonk_ecumenical_altar_arch_garden, minmay_stone_trees_medium,
          kennysheep_nondescript

Skill      XL: |  1  2 |
---------------+-------+-----
Throwing       | 2 |  2.1
Dodging        | 3 |  3.1
Maces & Flails | 3 |  3.5
Fighting       | |  2.3
Armour         | |  0.4
Stealth        | |  0.5

Action                   || total
-------------------------++-------
Melee: Flail             ||    82
       Kick              ||    10
  Use: Scroll            ||     2
       Potion            ||     1
 Stab: Sleeping          ||     3
Armor: Leather armour    ||    22
Dodge: Dodged            ||    55

Table legend: (Time is in decaauts)
 A = Elapsed time spent in this place.
 B = Non-inter-level travel time spent in this place.
 C = Inter-level travel time spent in this place.
 D = Time resting spent in this place.
 E = Time spent auto-exploring this place.
 F = Levels seen in this place.
 G = Mean time per level.
                   A        B        C        D        E       F      G
               +--------+--------+--------+--------+--------+-----+--------+
         Total |   1542 |   1495 |     47 |      0 |   1253 |   3 |  514.0 |
       Dungeon |   1542 |   1495 |     47 |      0 |   1253 |   3 |  514.0 |
               +--------+--------+--------+--------+--------+-----+--------+

Top non-repeatable levels by time:
     D:1: 948 daAuts
     D:2: 580 daAuts
     D:3: 13 daAuts
